 Dungeon Crawl Stone Soup version 0.28.0-53-g5a82cb258f (webtiles) character file.

Game seed: 5043966771475868413

31 worthlessgem the Scratcher (level 3, 0/16 HPs)
             Began as a Felid Transmuter on Aug 23, 2022.
             Constricted to death by a ball python (1 damage)
             ... on level 2 of the Dungeon.
             The game lasted 00:06:01 (1743 turns).

worthlessgem the Scratcher (Felid Transmuter)       Turns: 1743, Time: 00:06:01

Health: 0/16       AC:  1    Str:  6    XL:     3   Next: 7%
Magic:  6/7        EV: 14    Int: 16    God:
Gold:   53         SH:  0    Dex: 16    Spells: 5/6 levels left
                                        Lives:  0   Deaths: 0

rFire   . . .      SeeInvis +     - Unarmed
rCold   . . .      Faith    .   (shield unavailable)
rNeg    . . .      Spirit   .   (armour unavailable)
rPois   .          Reflect  .   (helmet unavailable)
rElec   .          Harm     .   (cloak unavailable)
rCorr   .          Rampage  .   (gloves unavailable)
Will    .....                   (boots unavailable)
Stlth   +.........              (no amulet)
HPRegen 0.05/turn               (no ring)
MPRegen 0.10/turn               (no ring)

@: appendages, constricted, invisible, quick
A: horns 2, very small, claws 1, fangs 3, see invisible, speed 1, shaggy fur 1,
stealthy paws, no weapons or thrown items, no armour, multi-lived
a: End Transformation


You were on level 2 of the Dungeon.
You had temporarily grown beastly horns.
You visited 1 branch of the dungeon, and saw 2 of its levels.

You collected 53 gold pieces.

Inventory:

Missiles
 a - 28 stones
Scrolls
 b - a scroll of immolation {unknown}
 e - a scroll of teleportation {unknown}
Potions
 d - a potion of heal wounds {unknown}


   Skills:
 + Level 1.9 Fighting
 - Level 2.6 Dodging
 - Level 3.0 Unarmed Combat
 - Level 2.0 Spellcasting
 + Level 2.8 Transmutations
 + Level 1.2 Ice Magic


You had 5 spell levels left.
You knew the following spells:

 Your Spells              Type           Power      Damage    Failure   Level
a - Beastly Appendage     Tmut           20%        N/A       6%          1

Your spell library contained the following spells:

 Spells                   Type           Power      Damage    Failure   Level
 Wereblood                Tmut           10%        N/A       10%         2
 Spider Form              Tmut/Pois      6%         N/A       34%         3
 Ice Form                 Ice/Tmut       8%         N/A       65%         4


Dungeon Overview and Level Annotations

Branches:
Dungeon (2/15)

Altars:

Annotations:
D:2 Sigmund


Innate Abilities, Weirdness & Mutations

You have temporarily grown beastly horns.
You have sharp claws.
You have razor-sharp teeth.
You have supernaturally acute eyesight. (SInv)
You cover ground quickly. (Speed+)
You are covered in fur. (AC +1)
Your paws help you pounce on unaware monsters.
You are incapable of wielding weapons or throwing items.
You cannot wear armour.
You gain extra lives every three experience levels.


Message History

Confirm with . or Enter, or press ? or * to list all spells.
You grow a pair of large bovine horns.
The ball python hisses angrily. x2
A kobold comes into view. It is wielding a +0 short sword.
The ball python bites you. The ball python misses you.
You closely miss the ball python. Your headbutt misses the ball python.
The ball python misses you. The ball python completely misses you.
The ball python closely misses you. The ball python misses you.
The kobold throws a stone.
The stone misses you. The ball python misses you. The ball python grabs you.
You stop ascending the stairs.
The ball python constricts you.
You scratch the ball python but do no damage.
The bat closely misses you. The ball python barely misses you.
The ball python constricts you.
You scratch the ball python.
The ball python is moderately wounded.
The bat misses you. The ball python barely misses you.
The ball python constricts you.
You barely miss the ball python. The ball python bites you.
The ball python barely misses you. The ball python constricts you.
The bat barely misses you.
Your magical contamination has completely faded away.
You barely miss the ball python. You bite the ball python.
You kill the ball python!
The bat hits you but does no damage. The ball python closely misses you. x4
The bat closely misses you. The ball python misses you.
The ball python grabs you.
You stop ascending the stairs.
The ball python constricts you.
You scratch the ball python.
The ball python is severely wounded.
The bat closely misses you.
The kobold hits you with a +0 short sword.
* * * LOW HITPOINT WARNING * * *
The ball python completely misses you. The ball python constricts you.
* * * LOW HITPOINT WARNING * * *
It was a potion of invisibility.
You fade into invisibility!
The bat barely misses you. The ball python completely misses you.
The ball python constricts you.
You die...

######
#.....#
?......##
......K.#
......S@#
......b.#
........#
...<....#
.......##
.......
.......
>......


You could see a bat, a ball python and a kobold.

Vanquished Creatures
  A dart slug (D:1)
  3 ball pythons
  3 bats
  2 endoplasms (D:1)
  3 goblins
  2 hobgoblins (D:1)
  4 jackals (D:1)
  3 kobolds (D:1)
  A frilled lizard (D:1)
  3 rats
25 creatures vanquished.

Notes
Turn   | Place    | Note
-------+----------+-------------------------------------------
     0 | D:1      | worthlessgem the Felid Transmuter began the quest for the
                  | Orb.
     0 | D:1      | Reached XP level 1. HP: 9/9 MP: 4/4
   505 | D:1      | Reached XP level 2. HP: 11/12 MP: 4/6
   833 | D:1      | Reached skill level 1 in Ice Magic
  1587 | D:2      | Reached XP level 3. HP: 16/16 MP: 7/7
  1656 | D:2      | Noticed Sigmund
  1743 | D:2      | Constricted to death by a ball python

Illustrated notes

Levels and vault maps discovered:
D:1:      evilmike_arrival_rings, layout_basic
D:2:      layout_rooms, minmay_heptomino_o4, uniq_sigmund

Skill      XL: |  1  2 |
---------------+-------+-----
Ice Magic      | 1 |  1.2
Fighting       | |  1.9
Dodging        | |  2.6
Unarmed Combat | |  3.0
Spellcasting   | |  2.0
Transmutations | |  2.8

Action                   || total
-------------------------++-------
Melee: Unarmed           ||    65
       Headbutt          ||     7
       Bite              ||     5
 Cast: Beastly Appendage ||    18
  Use: Potion            ||     1
 Stab: Sleeping          ||     2
Armor: Skin              ||     3
Dodge: Dodged            ||    62
